 Dungeon Crawl Stone Soup version 0.23-a0-386-g9c9d49f (webtiles) character file.

36 JeffiDaFish the Sneak (level 3, -5/16 HPs)
             Began as a Spriggan Enchanter on Oct 28, 2018.
             Slain by Crazy Yiuf
             ... wielding a +3 quarterstaff of chaos
              (17 damage)
             ... on level 2 of the Dungeon.
             The game lasted 00:06:34 (2531 turns).

JeffiDaFish the Sneak (Spriggan Enchanter)          Turns: 2531, Time: 00:06:35

Health: -5/16      AC:  2    Str:  4    XL:     3   Next: 19%
Magic:  5/9        EV: 18    Int: 17    God:
Gold:   166        SH:  0    Dex: 16    Spells: 6/9 levels left

rFire    . . .     SeeInvis +   a - +1 dagger
rCold    . . .     Gourm    +   (shield restricted)
rNeg     . . .     Faith    .   b - +0 robe
rPois    .         Spirit   .   (helmet restricted)
rElec    .         Reflect  .   (no cloak)
rCorr    .         Harm     .   (gloves unavailable)
MR       .....                  (boots unavailable)
Stlth    +++.......             e - amulet of the gourmand
HPRegen  0.05/turn              (no ring)
MPRegen  0.11/turn              (no ring)

@: very quick
A: very small, unfitting armour, see invisible, herbivore, speed 3, slow
metabolism 2
a: no special abilities


You were on level 2 of the Dungeon.
You were not hungry.

You visited 1 branch of the dungeon, and saw 2 of its levels.

You collected 166 gold pieces.

Inventory:

Hand Weapons
 a - a +1 dagger (weapon)
Armour
 b - a +0 robe (worn)
Jewellery
 e - an amulet of the gourmand (around neck)
Scrolls
 g - a scroll of remove curse
Potions
 c - a potion of ambrosia
 f - a potion of invisibility {unknown}
 h - a potion of berserk rage
Comestibles
 d - 6 rations


   Skills:
 + Level 1.5 Short Blades
 + Level 3.3 Dodging
 + Level 4.6 Stealth
 * Level 3.6 Spellcasting
 * Level 4.1 Hexes


You had 6 spell levels left.
You knew the following spells:

 Your Spells              Type           Power        Failure   Level  Hunger
a - Corona                Hex            ###....      3%          1    None
b - Ensorcelled Hibernat  Hex/Ice        ##....       11%         2    ##.....

Your spell library contained the following spells:

 Spells                   Type           Power        Failure   Level  Hunger
 Confuse                  Hex            ###.....     9%          3    ###....
 Tukima's Dance           Hex            ###.....     9%          3    ###....
 Dazzling Spray           Conj/Hex       ##....       22%         3    ###....


Dungeon Overview and Level Annotations

Branches:
Dungeon (2/15)

Altars:

Annotations:
D:2 Crazy Yiuf


Innate Abilities, Weirdness & Mutations

You are very small and have problems with some larger weapons.
You are too small for most types of armour.
You have supernaturally acute eyesight. (SInv)
You are a herbivore.
You cover ground extremely quickly.
You need to consume almost no food.


Message History

Crazy Yiuf cries, "Announcement alas high!"
Crazy Yiuf misses you.
Casting: Corona (safe; 3% risk of failure)
Confirm with . or Enter, or press ? or * to list all spells.
Aiming: Ensorcelled Hibernation (safe; 11% risk of failure)
Press: ? - help, Shift-Dir - straight line, f - Crazy Yiuf
Aim: Crazy Yiuf, wielding a +3 quarterstaff of chaos, wearing a +0 cloak and Crazy Yiuf resists with some effort.
Crazy Yiuf says, "Crazy?
Crazy!?
PORCUPINE!"
Crazy Yiuf drinks a potion.
Crazy Yiuf is healed!
Casting: Ensorcelled Hibernation (safe; 11% risk of failure)
Confirm with . or Enter, or press ? or * to list all spells.
Aiming: Ensorcelled Hibernation (safe; 11% risk of failure)
Press: ? - help, Shift-Dir - straight line, f/p - Crazy Yiuf
Aim: Crazy Yiuf, wielding a +3 quarterstaff of chaos, wearing a +0 cloak and Crazy Yiuf resists with some effort.
Crazy Yiuf hits you with a +3 quarterstaff of chaos.
Space warps horribly around you!
Ouch! That really hurt!
You die...

#.# #.......###.##
#.# #.......###...
#.# ########......
### ####... #.#.
###... #####
♣♣##..... #)..#♣♣
♣♣P#..#.#.
#g@.'.♣♣♣♣.P.......
#...#♣..♣..P...#.##
#####♣♣♣.♣..#.##.##
♣♣♣♣♣####.## #.##
#... #... ##.# #.#


You could see Crazy Yiuf.

Vanquished Creatures
  An adder (D:2)
  A worm (D:2)
  5 bats
  2 giant cockroaches
  2 goblins (D:1)
  3 hobgoblins
  8 kobolds
  A frilled lizard (D:2)
  2 rats
25 creatures vanquished.

Notes
Turn   | Place    | Note
-------+----------+-------------------------------------------
     0 | D:1      | JeffiDaFish the Spriggan Enchanter began the quest for the
                  | Orb.
     0 | D:1      | Reached XP level 1. HP: 9/9 MP: 5/5
   659 | D:1      | Reached XP level 2. HP: 12/13 MP: 7/7
   730 | D:1      | Learned a level 2 spell: Ensorcelled Hibernation
  2093 | D:2      | Reached XP level 3. HP: 16/16 MP: 9/9
  2459 | D:2      | Found a runed door.
  2525 | D:2      | Noticed Crazy Yiuf
  2531 | D:2      | Slain by Crazy Yiuf

Vault maps used:
D:1:      dpeg_arrival_refuge, minmay_tall_x
D:2:      first_ration, uniq_crazy_yiuf_cottage

Skill      XL: |  1  2 |
---------------+-------+-----
Spellcasting   | 3 |  3.6
Hexes          | 4 |  4.1
Short Blades   | |  1.5
Dodging        | |  3.3
Stealth        | |  4.6

Action                   || total
-------------------------++-------
Melee: Dagger            ||   126
 Cast: Corona            ||     9
       Ensorcelled Hiber ||     4
  Use: Scroll            ||     6
       Potion            ||     5
 Stab: Sleeping          ||     5
Armor: Robe              ||    17
Dodge: Dodged            ||   109

Table legend:
 A = Non-vault XP
 B = Vault XP
 C = Vault XP percentage of total XP
 D = Non-vault monster count
 E = Vault monster count
 F = Vault count percentage of total count
                 A         B        C        D         E       F
            +---------+---------+-------+---------+---------+-------
      Total |      47 |       5 |   9.6 |      21 |       4 |  16.0
            +---------+---------+-------+---------+---------+-------
        D:1 |      17 |       5 |  22.7 |      11 |       4 |  26.7
        D:2 |      30 |       0 |   0.0 |      10 |       0 |   0.0
            +---------+---------+-------+---------+---------+-------
